 Dungeon Crawl Stone Soup version 0.28-a0-1235-g7c8fac35f0 (webtiles) character file.

Game seed: 6606806294580968036

256 Zonian the Insei (level 5, -2/45 HPs)
             Began as a Draconian Transmuter on Dec 25, 2021.
             Was an Initiate of Gozag.
             Slain by an ogre (18 damage)
             ... on level 4 of the Dungeon.
             The game lasted 00:06:54 (5078 turns).

Zonian the Insei (Draconian Transmuter)             Turns: 5078, Time: 00:06:55

Health: -2/45      AC:  5    Str: 12    XL:     5   Next: 92%
Magic:  7/9        EV: 13    Int: 13    God:    Gozag
Gold:   365        SH:  0    Dex: 14    Spells: 7/10 levels left

rFire   . . .      SeeInvis .     - Unarmed
rCold   . . .      Faith    .   (no shield)
rNeg    . . .      Spirit   .   (armour unavailable)
rPois   .          Reflect  .   (helmet currently unavailable)
rElec   .          Harm     .   (no cloak)
rCorr   .          Rampage  .   (no gloves)
Will    .....                   (boots currently unavailable)
Stlth   +.........              (no amulet)
HPRegen 0.15/turn               (no ring)
MPRegen 0.11/turn               (no ring)

@: appendages (expiring), wereblooded, gold aura
A: horns 2, talons 2, AC +5, unfitting armour, cold-blooded
a: End Transformation, Renounce Religion, Potion Petition, Call Merchant, Bribe
Branch


You were on level 4 of the Dungeon.
You worshipped Gozag.
Gozag was aware of your devotion.
You had temporarily grown beastly horns and talons.
You visited 1 branch of the dungeon, and saw 4 of its levels.

You collected 398 gold pieces.
You paid 33 gold pieces to Gozag.

Inventory:

Hand Weapons
 g - a +0 short sword
 l - a +0 long sword of pain
 n - a +2 vorpal trident
Missiles
 a - 5 curare-tipped darts
 d - 6 javelins
Wands
 e - a wand of mindburst (17)
Scrolls
 c - a scroll of enchant weapon
 f - a scroll of blinking
 i - a scroll of silence
Potions
 b - a potion of magic {unknown}
 h - a potion of haste {unknown}
 j - a potion of heal wounds {unknown}
 k - a potion of curing {unknown}


   Skills:
 + Level 3.0 Fighting
 + Level 2.9 Dodging
 + Level 3.9 Unarmed Combat
 + Level 3.0 Spellcasting
 + Level 3.2 Transmutations
 + Level 0.6 Evocations


You had 7 spell levels left.
You knew the following spells:

 Your Spells              Type           Power      Damage    Failure   Level
a - Beastly Appendage     Tmut           20%        N/A       6%          1
b - Wereblood             Tmut           10%        N/A       10%         2

Your spell library contained the following spells:

 Spells                   Type           Power      Damage    Failure   Level
 Pain                     Necr           4%         1d4       22%         1
 Spider Form              Tmut/Pois      6%         N/A       34%         3
 Ice Form                 Ice/Tmut       6%         N/A       75%         4
 Agony                    Necr           1%         N/A       99%         5
 Excruciating Wounds      Necr           0%         N/A       99%         5


Dungeon Overview and Level Annotations

Branches:
Dungeon (4/15)             Temple (0/1) D:4

Altars:
Elyvilon
Gozag
Kikubaaqudgha


Innate Abilities, Weirdness & Mutations

You have temporarily grown beastly horns and talons.
Your plain brown scales are hard. (AC +5)
You cannot fit into any form of body armour.
You are cold-blooded and may be slowed by cold attacks.


Message History

Casting: Beastly Appendage (safe; 6% risk of failure)
Confirm with . or Enter, or press ? or * to list all spells.
Your blood is infused with primal strength.
The gnoll shouts!
Unknown command.
A gnoll comes into view. It is wielding a +0 club.
An ogre comes into view. It is wielding a +0 giant spiked club.
The gnoll shouts!
The ogre shouts!
You hit the gnoll. You headbutt the gnoll.
You tail-slap the gnoll, but do no damage.
The gnoll is heavily wounded.
You hit the gnoll. You headbutt the gnoll.
The gnoll is almost dead.
The gnoll hits you with a +0 club.
You closely miss the gnoll. Your headbutt misses the gnoll.
The gnoll is almost dead.
The gnoll hits you with a +0 flail!
You hit the gnoll but do no damage. You claw the gnoll.
The gnoll is heavily wounded.
You barely miss the gnoll.
The gnoll is almost dead.
The gnoll hits you with a +0 club! The gnoll hits you with a +0 club.
The gnoll barely misses you.
You hit the gnoll.
You feel a bit better.
You kill the gnoll!
Your transformation is almost over.
The gnoll hits you but does no damage. The gnoll closely misses you.
The gnoll hits you with a +0 flail!
Your Fighting skill increases to level 3!
You hit the gnoll but do no damage. You claw the gnoll.
The gnoll is moderately wounded.
You howl as the wereblood boils in your veins!
The gnoll hits you with a +0 club. The gnoll hits you with a +0 flail.
Unknown command.
The gnoll hits you with a +0 flail.
You hit the ogre but do no damage. You claw the ogre.
The ogre is lightly wounded.
The ogre hits you with a +0 giant spiked club!!
You die...
Your body crumbles into a pile of gold.

#.#######.#.#####.#.##.........
#.# #.#.......#.########### #.#
#.#########.# #.# #(..........#
#.###################
#.#.....##......########******
###.#.###.##....#.........,,,,,*
#.....# #.#####.#g........,,,,,*
####### #.......@Og.......,,,,,*
*****####.#..#g.$......,,,,,*
*$........#..#.........,,,***
*,######..#..#...../...,,,* *,*
#..####.........,,,* *,*
#...,,..........,,,* *,*
#...,,........#+****
*,*****####*##.##.##.#,*
*,,,,,,,,,,,,#.#*.#*.#,*


You could see an ogre and 3 gnolls.

Vanquished Creatures
  A hound (D:4)
  2 orc wizards (D:4)
  A hound skeleton (D:4)
  A gnoll (D:4)
  4 adders
  An adder skeleton (D:4)
  A worm (D:2)
  3 dart slugs
  11 orcs
  11 ball pythons
  5 bats
  5 endoplasms
  5 giant cockroaches
  7 goblins
  5 hobgoblins
  10 jackals
  4 quokkas
  6 frilled lizards
  7 kobolds
  4 rats
94 creatures vanquished.

Notes
Turn   | Place    | Note
-------+----------+-------------------------------------------
     0 | D:1      | Zonian the Draconian Transmuter began the quest for the
                  | Orb.
     0 | D:1      | Reached XP level 1. HP: 16/16 MP: 3/3
   367 | D:1      | Reached XP level 2. HP: 19/23 MP: 3/5
   980 | D:1      | Reached XP level 3. HP: 29/29 MP: 4/6
  1753 | D:2      | Reached XP level 4. HP: 34/36 MP: 5/7
  2371 | D:3      | Found a faded altar of an unknown god.
  2418 | D:3      | Found an opulent altar of Gozag.
  2462 | D:3      | Became a worshipper of Gozag Ym Sagoz the Greedy
  4146 | D:4      | Found a staircase to the Ecumenical Temple.
  4179 | D:4      | Found a white marble altar of Elyvilon.
  4200 | D:4      | Reached XP level 5. HP: 26/42 MP: 9/9
  4214 | D:4      | Learned a level 2 spell: Wereblood
  4606 | D:4      | Found an ancient bone altar of Kikubaaqudgha.
  5068 | D:4      | Noticed an ogre
  5078 | D:4      | Slain by an ogre

Illustrated notes

Levels and vault maps discovered:
D:1:      matt_arrival_los_fun, layout_loops_ring
D:2:      layout_basic
D:3:      kennysheep_big_flooded_room, layout_basic, nicolae_gozag_seed_capital,
          ebering_ecumenical_altar_abandoned
D:4:      layout_basic, nicolae_elyvilon_peaceful_grove,
          nicolae_kikubaaqudgha_miasma_corner, minmay_temple_entry_wispy

Skill      XL: |  1  2  3  4  5 |
---------------+----------------+-----
Dodging        | 2 |  2.9
Fighting       | 2 3 |  3.0
Transmutations | 3 |  3.2
Spellcasting   | 3 |  3.0
Unarmed Combat | |  3.9
Evocations     | |  0.6

Action                   |  1- 3 |  4- 6 || total
-------------------------+-------+-------++-------
Melee: Unarmed           |   115 |   177 ||   292
       Kick              |    17 |    32 ||    49
       Headbutt          |    17 |    20 ||    37
       Tailslap          |    11 |    21 ||    32
       Punch             |     1 |     1 ||     2
 Cast: Beastly Appendage |    34 |    36 ||    70
       Wereblood         |       |     3 ||     3
  Use: Scroll            |       |     7 ||     7
 Stab: Sleeping          |       |     2 ||     2
Armor: Skin              |    45 |    54 ||    99
Dodge: Dodged            |    75 |   108 ||   183

Table legend: (Time is in decaauts)
 A = Elapsed time spent in this place.
 B = Non-inter-level travel time spent in this place.
 C = Inter-level travel time spent in this place.
 D = Time resting spent in this place.
 E = Time spent auto-exploring this place.
 F = Levels seen in this place.
 G = Mean time per level.
                   A        B        C        D        E       F      G
               +--------+--------+--------+--------+--------+-----+--------+
         Total |   5061 |   4979 |     82 |    566 |   3639 |   4 | 1265.2 |
       Dungeon |   5061 |   4979 |     82 |    566 |   3639 |   4 | 1265.2 |
               +--------+--------+--------+--------+--------+-----+--------+

Top non-repeatable levels by time:
     D:4: 1485 daAuts
     D:3: 1246 daAuts
     D:2: 1190 daAuts
     D:1: 1138 daAuts
